 Dungeon Crawl Stone Soup version 0.27-a0-1186-g8b4daa1eef (webtiles) character file.

Game seed: 2299676654522967598

324 siradein the Poker (level 6, -2/44 HPs)
             Began as a Demonspawn Gladiator on May 20, 2021.
             Slain by an ogre
             ... wielding a +0 giant club
              (21 damage)
             ... on level 4 of the Dungeon.
             The game lasted 00:08:14 (4196 turns).

siradein the Poker (Demonspawn Gladiator)           Turns: 4196, Time: 00:08:14

Health: -2/44      AC:  7    Str: 16    XL:     6   Next: 23%
Magic:  0/6        EV: 12    Int: 10    God:
Gold:   172        SH:  0    Dex: 14    Spells: 5/5 levels left

rFire    . . .     SeeInvis .   q - +0 halberd
rCold    . . .     Faith    .   (shield currently unavailable)
rNeg     . . .     Spirit   +   b - +0 leather armour
rPois    .         Reflect  .   c - +0 helmet
rElec    .         Harm     .   (no cloak)
rCorr    .         Rampage  .   r - +2 pair of gloves
Will     .....                  (no boots)
Stlth    +.........             (no amulet)
HPRegen  0.14/turn              (no ring)
MPRegen  0.20/turn              (no ring)

@: no status effects
A: magic shield, magic regeneration, magic link
a: no special abilities


You were on level 4 of the Dungeon.
You visited 1 branch of the dungeon, and saw 4 of its levels.

You collected 172 gold pieces.

Inventory:

Hand Weapons
 a - a +0 trident
 q - a +0 halberd (weapon)
Missiles
 d - 2 throwing nets (quivered)
Armour
 b - a +0 leather armour (worn)
 c - a +0 helmet (worn)
 r - a +2 pair of gloves (worn)
Scrolls
 e - 2 scrolls of teleportation {unknown}
 f - a scroll of fear {unknown}
 i - a scroll of torment {unknown}
 k - 2 scrolls of brand weapon {unknown}
 l - a scroll of enchant weapon {unknown}
 o - a scroll of enchant armour {unknown}
 u - a scroll of acquirement {unknown}
Potions
 g - a potion of haste {unknown}
 h - 2 potions of attraction
 j - a potion of ambrosia {unknown}
 n - a potion of mutation {unknown}
 p - a potion of degeneration {unknown}
 s - 2 potions of flight
 t - 2 potions of lignification


   Skills:
 - Level 2.0 Fighting
 + Level 6.4 Polearms
 - Level 1.7 Throwing
 - Level 2.6 Dodging


You had 5 spell levels left.
You didn't know any spells.
Your spell library was empty.

Dungeon Overview and Level Annotations

Branches:
Dungeon (4/15)
 Temple: D:4-7

Altars:


Innate Abilities, Weirdness & Mutations

When hurt, damage is shared between your health and your magic reserves.
You regenerate magic rapidly.
When low on magic, you restore magic in place of health.


Message History

You closely miss the adder. The adder barely misses you.
The adder bites you but does no damage.
You closely miss the adder. The adder bites you.
You are poisoned.
The adder poisons you!
You puncture the adder!
The adder is severely wounded.
You feel sick.
The adder bites you but does no damage. x2
You puncture the adder!
You kill the adder!
You feel sick.
No target in view!
No target in view!
You feel sick.
You feel sick.
You feel sick.
You are no longer poisoned.
An ogre comes into view. It is wielding a +0 giant club.
The ogre shouts!
An ogre is nearby!
An ogre is nearby!
An ogre is nearby!
An ogre is nearby!
You completely miss the ogre. The ogre hits you with a +0 giant club!
You hit the ogre.
The ogre is lightly wounded.
The ogre hits you with a +0 giant club!
You hit the ogre but do no damage.
The ogre is lightly wounded.
The ogre hits you with a +0 giant club!!
* * * LOW HITPOINT WARNING * * *
There is an open door, spattered with blood here.
There is a stone staircase leading up here.
There is a stone staircase leading up here.
There is a stone staircase leading up here.
There is a stone staircase leading up here.
There is a stone staircase leading up here.
There is a stone staircase leading up here.
The ogre hits you with a +0 giant club!!
You die...

###############
####.............###
######...................
#........................
#........................
#.......#................
#......O#..).............
#.......@..##.....###....
#.......#..##.....###....
###.......#..##.....g......
#.........#..##.....###.###
#.........#..##.......#....
#......#.##...##+#+##.#####
#......#.##...'>...........
#....<.'......#..#.........
#....).########............


You could see an ogre.

Vanquished Creatures
  An ogre (D:4)
  A scorpion (D:4)
  6 adders
  7 gnolls
  A worm (D:3)
  A dart slug (D:1)
  5 ball pythons
  4 endoplasms
  2 giant cockroaches
  10 goblins
  5 hobgoblins
  3 jackals (D:4)
  A quokka (D:3)
  3 bats (D:1)
  2 frilled lizards
  5 kobolds
  5 rats (D:1)
62 creatures vanquished.

Notes
Turn   | Place    | Note
-------+----------+-------------------------------------------
     0 | D:1      | siradein the Demonspawn Gladiator began the quest for the
                  | Orb.
     0 | D:1      | Reached XP level 1. HP: 16/16 MP: 1/1
   134 | D:1      | Reached skill level 3 in Polearms
   461 | D:1      | Gained mutation: You regenerate magic rapidly. [demonic
                  | ancestry]
   461 | D:1      | Reached XP level 2. HP: 22/22 MP: 2/2
   510 | D:1      | Found a faded altar of an unknown god.
  1297 | D:2      | Gained mutation: When hurt, damage is shared between your
                  | health and your magic reserves. [demonic ancestry]
  1297 | D:2      | Reached XP level 3. HP: 18/27 MP: 3/3
  1416 | D:2      | Reached skill level 4 in Polearms
  2550 | D:3      | Gained mutation: When low on magic, you restore magic in
                  | place of health. [demonic ancestry]
  2550 | D:3      | Reached XP level 4. HP: 9/33 MP: 4/4
  3114 | D:3      | Reached skill level 5 in Polearms
  3566 | D:4      | Noticed an ogre
  3571 | D:4      | Killed an ogre
  3572 | D:4      | Reached XP level 5. HP: 38/38 MP: 5/5
  3695 | D:4      | Reached skill level 6 in Polearms
  3695 | D:4      | Reached XP level 6. HP: 32/44 MP: 4/6
  4196 | D:4      | Slain by an ogre

Illustrated notes

Levels and vault maps discovered:
D:1:      dpeg_arrival_windows_large_door, layout_basic,
          ebering_ecumenical_altar_box, minmay_small_reverse_x
D:2:      layout_basic
D:3:      layout_loops_ring
D:4:      layout_basic, serial_shops, shop, uniq_blork_the_orc

Skill      XL: |  1  2  3  4  5 |
---------------+----------------+-----
Polearms       | 3 4 5 6 |  6.4
Fighting       | |  2.0
Throwing       | |  1.7
Dodging        | |  2.6

Action                   |  1- 3 |  4- 6 || total
-------------------------+-------+-------++-------
Melee: Trident           |   131 |    55 ||   186
       Halberd           |       |    63 ||    63
Throw: Throwing net      |       |     1 ||     1
  Use: Scroll            |       |     3 ||     3
 Stab: Sleeping          |       |     1 ||     1
Armor: Leather armour    |    24 |    27 ||    51
Dodge: Dodged            |    71 |    76 ||   147

Table legend: (Time is in decaauts)
 A = Elapsed time spent in this place.
 B = Non-inter-level travel time spent in this place.
 C = Inter-level travel time spent in this place.
 D = Time resting spent in this place.
 E = Time spent auto-exploring this place.
 F = Levels seen in this place.
 G = Mean time per level.
                   A        B        C        D        E       F      G
               +--------+--------+--------+--------+--------+-----+--------+
         Total |   4227 |   4048 |    179 |     10 |   3488 |   4 | 1056.8 |
       Dungeon |   4227 |   4048 |    179 |     10 |   3488 |   4 | 1056.8 |
               +--------+--------+--------+--------+--------+-----+--------+

Top non-repeatable levels by time:
     D:3: 1331 daAuts
     D:1: 1188 daAuts
     D:2: 1181 daAuts
     D:4: 526 daAuts
